 Dungeon Crawl Stone Soup version 0.24-a0-725-gf1a930fc54 (webtiles) character file.

Game seed: 1251011045060016065, levelgen mode: deterministic

277 Smegmapudding the Ruffian (level 6, -2/59 HPs)
             Began as a Troll Fighter on Oct 1, 2019.
             Was an Initiate of Okawaru.
             Slain by a worker ant (4 damage)
             ... on level 4 of the Dungeon.
             The game lasted 00:20:44 (2172 turns).

Smegmapudding the Ruffian (Troll Fighter)           Turns: 2172, Time: 00:20:44

Health: -2/59      AC:  6    Str: 27    XL:     6   Next: 4%
Magic:  5/5        EV:  9    Int:  4    God:    Okawaru [......]
Gold:   246        SH:  9    Dex:  9    Spells: 5/5 levels left

rFire    . . .     SeeInvis .     - Unarmed
rCold    . . .     Gourm    +   b - +0 shield
rNeg     + . .     Faith    .   H - +0 robe
rPois    .         Spirit   .   (helmet restricted)
rElec    .         Reflect  .   (no cloak)
rCorr    .         Harm     .   (gloves unavailable)
MR       .....                  (boots unavailable)
Stlth    +.........             (no amulet)
HPRegen  0.59/turn              v - ring of positive energy
MPRegen  0.09/turn              h - ring of flight

@: no status effects
A: large, unfitting armour, claws 3, fast metabolism 3, gourmand, regeneration
1, shaggy fur 1, tough skin 3
a: Renounce Religion, Evoke Flight


You were on level 4 of the Dungeon.
You worshipped Okawaru.
Okawaru was noncommittal.
You were completely stuffed.

You visited 1 branch of the dungeon, and saw 4 of its levels.

You collected 246 gold pieces.

Inventory:

Hand Weapons
 n - a +0 hand axe
 o - a +0 short sword
 s - a +1 vampiric dagger
 y - a +0 mace
 B - a +0 great sword
 F - a +0 quarterstaff
Missiles
 p - 3 javelins (quivered)
Armour
 a - a +0 robe
 b - a +0 shield (worn)
 H - a +0 robe (worn)
Jewellery
 g - an uncursed ring of protection from cold
 h - a ring of flight (right claw)
 v - a ring of positive energy (left claw)
Wands
 z - a wand of digging (5)
Scrolls
 e - a scroll of amnesia {unknown}
 k - a scroll of magic mapping {unknown}
 m - 2 scrolls of identify {unknown}
 q - 2 scrolls of enchant weapon {unknown}
 r - a scroll of fog {unknown}
 t - a scroll of noise {unknown}
 u - 2 scrolls of remove curse {unknown}
 w - 2 scrolls of blinking {unknown}
 x - a scroll of fear {unknown}
 D - a scroll of immolation {unknown}
Potions
 c - 2 potions of might
 f - a potion of magic {unknown}
 i - a potion of flight {unknown}
 j - 3 potions of curing {unknown}
 l - a potion of cancellation {unknown}
 A - a potion of brilliance {unknown}
 C - a potion of invisibility {unknown}
 E - a potion of lignification {unknown}
Comestibles
 d - 10 rations
 G - 4 chunks of flesh


   Skills:
 + Level 2.8 Fighting
 + Level 3.6 Dodging
 + Level 3.6 Shields
 + Level 3.9 Unarmed Combat


You had 5 spell levels left.
You didn't know any spells.
Your spell library was empty.

Dungeon Overview and Level Annotations

Branches:
Dungeon (4/15)
 Temple: D:4-7

Altars:
Fedhas
Okawaru
Uskayaw
Vehumet
Yredelemnul
Zin


Innate Abilities, Weirdness & Mutations

You are too large for most types of armour.
You have claws for hands.
Your metabolism is lightning-fast.
You like to eat raw meat.
Your natural rate of healing is unusually fast.
You are covered in fur. (AC +1)
You have extremely tough skin. (AC +3)


Message History

The orc hits you with a +0 whip.
* * * LOW HITPOINT WARNING * * *
A worker ant comes into view.
Found a stone staircase leading up.
The worker ant twitches its antennae in your direction.
You barely miss the orc. You barely miss the orc warrior.
The orc warrior is heavily wounded.
You claw the orc warrior!
The orc warrior is almost dead.
You block the orc warrior's attack.
You scratch the orc warrior but do no damage.
The orc warrior is almost dead.
The orc warrior hits you with a cursed -2 war axe!
* * * LOW HITPOINT WARNING * * *
The worker ant misses you.
You scratch the orc warrior.
The orc warrior is almost dead.
The worker ant bites you.
You die...

######## #......# .
#......# .
....#######......##.....
.......@o.+.............
......a.#o#......##.....
........+........##.....
..<.....#.##............
........#.##............
.#......#...........##.#
#......###.........##..
#.^.................#..
...........##..(.#..


You could see an orc warrior, a worker ant and an orc.

Vanquished Creatures
  A hound (D:4)
  An iguana (D:4)
  An orc wizard (D:2)
  Robin (D:3)
  4 gnolls (D:3)
  6 adders
  A dart slug (D:2)
  5 leopard geckos
  3 orcs (D:2)
  4 ball pythons
  12 bats
  3 giant cockroaches
  12 goblins
  13 hobgoblins
  9 kobolds
  A quokka (D:2)
  5 frilled lizards
  11 rats
93 creatures vanquished.

Vanquished Creatures (others)
  A goblin (D:3)
1 creature vanquished.

Grand Total: 94 creatures vanquished

Notes
Turn   | Place    | Note
-------+----------+-------------------------------------------
     0 | D:1      | Smegmapudding the Troll Fighter began the quest for the
                  | Orb.
     0 | D:1      | Reached XP level 1. HP: 22/22 MP: 0/0
    77 | D:1      | Reached XP level 2. HP: 29/29 MP: 1/1
   427 | D:1      | Reached XP level 3. HP: 36/36 MP: 2/2
   704 | D:2      | Reached XP level 4. HP: 40/44 MP: 3/3
   907 | D:2      | Found a radiant altar of Vehumet.
  1498 | D:3      | Reached XP level 5. HP: 47/52 MP: 4/4
  1593 | D:3      | Found a basalt altar of Yredelemnul.
  1593 | D:3      | Found a glowing silver altar of Zin.
  1593 | D:3      | Found a hide-covered altar of Uskayaw.
  1593 | D:3      | Found an iron altar of Okawaru.
  1595 | D:3      | Found a blossoming altar of Fedhas.
  1672 | D:3      | Became a worshipper of Warmaster Okawaru
  1720 | D:3      | Noticed Robin
  1740 | D:3      | Killed Robin
  2094 | D:4      | Reached XP level 6. HP: 59/59 MP: 5/5
  2131 | D:4      | Noticed an orc warrior
  2171 | D:4      | HP: 1/59 [orc warrior/cursed -2 war axe (11)]
  2172 | D:4      | Slain by a worker ant

Levels and vault maps discovered:
D:1:      onia_arrival_handbag, layout_rooms, hex_large
D:2:      layout_loops_ring, vehumet_crystals, first_ration,
          minmay_three_crescents
D:3:      layout_rooms, grunt_temple_overflow_open, uniq_robin
D:4:      layout_basic

Skill      XL: |  1  2  3  4 |
---------------+-------------+-----
Dodging        | 3 |  3.6
Shields        | 3 |  3.6
Unarmed Combat | 3 |  3.9
Fighting       | |  2.8

Action                   |  1- 3 |  4- 6 || total
-------------------------+-------+-------++-------
Melee: Unarmed           |   119 |   202 ||   321
  Eat: Chunk             |     9 |    17 ||    26
Armor: Robe              |    49 |    62 ||   111
Dodge: Dodged            |    40 |    78 ||   118
Block: Shield            |    70 |    98 ||   168

Table legend:
 A = Non-vault XP
 B = Vault XP
 C = Vault XP percentage of total XP
 D = Non-vault monster count
 E = Vault monster count
 F = Vault count percentage of total count
                 A         B        C        D         E       F
            +---------+---------+-------+---------+---------+-------
      Total |     332 |      64 |  16.2 |      72 |      21 |  22.6
            +---------+---------+-------+---------+---------+-------
        D:1 |      37 |       5 |  11.9 |      22 |       4 |  15.4
        D:2 |     119 |      24 |  16.8 |      31 |       6 |  16.2
        D:3 |      95 |      35 |  26.9 |      15 |      11 |  42.3
        D:4 |      81 |       0 |   0.0 |       4 |       0 |   0.0
            +---------+---------+-------+---------+---------+-------
